 Dungeon Crawl Stone Soup version bcrawl-1.12-8-g964540c432 (webtiles) character file.

Game seed: 18220888840641712016

392 MisterOstroum the Poker (level 6, 0/52 HPs)
             Began as a Demigod Gladiator on June 7, 2019.
             Succumbed to a killer bee's poison
             ... on level 4 of the Dungeon.
             The game lasted 00:16:20 (3163 turns).

MisterOstroum the Poker (Demigod Gladiator)         Turns: 3163, Time: 00:16:21

Health: 0/52       AC: 10    Str: 20 (22) XL:     6   Next: 50%
Magic:  9/9        EV:  3    Int: 15 (17) God:    Demigod [*.....]
Gold:   266        SH: 12    Dex: 17 (18) Spells: 5/5 levels left

rFire    . . .     SeeInvis .   a - +0 trident
rCold    . . .     Gourm    .   m - +0 large shield
rNeg     . . .     Faith    .   t - +0 chain mail
rPois    .         Spirit   .   c - +0 helmet
rElec    .         Reflect  .   (no cloak)
rCorr    .         Harm     .   (no gloves)
MR       .....                  x - +0 pair of boots
Stlth    ..........             (no amulet)
HPRegen  0.17/turn              b - ring of flight
MPRegen  0.11/turn              o - ring of stealth

@: brilliant, lethally poisoned (0 -> -8), very slightly contaminated, invisible
A: high mp 1
a: Temporal Distortion, Evoke Flight


You were on level 4 of the Dungeon.
You worshipped Demigod.
Demigod was aware of your devotion.
You were hungry.

You visited 1 branch of the dungeon, and saw 5 of its levels.

You collected 266 gold pieces.

Inventory:

Hand Weapons
 a - a +0 trident (weapon)
 j - a +0 blowgun
Missiles
 f - 743 stones
 p - 50 javelins
 y - 85 tomahawks (quivered)
Armour
 c - a +0 helmet (worn)
 m - a +0 large shield (worn)
 t - a +0 chain mail (worn)
 x - a +0 pair of boots (worn)
Jewellery
 b - a ring of flight (left hand)
 o - a ring of stealth (right hand)
 r - an uncursed ring of resist corrosion
Wands
 h - a wand of iceblast (7)
Scrolls
 k - a scroll of identify {@r1}
 n - 2 scrolls of blinking
 v - a scroll of magic mapping {@r5 !r}
 w - a scroll of teleportation {@r3 !r}
 A - a scroll of remove curse {@r2}
Potions
 g - 2 potions of haste {@q4 !q}
 i - a potion of resistance
 u - a potion of lignification {unknown}
 z - a potion of berserk rage {unknown}
Comestibles
 e - 9 rations {!d}


   Skills:
 * Level 4.1 Fighting
 * Level 4.6 Polearms
 + Level 3.1 Throwing
 - Level 2.6 Dodging
 + Level 1.4 Invocations


You had 5 spell levels left.
You didn't know any spells.
Your spell library was empty.

Dungeon Overview and Level Annotations

Branches:
Dungeon (5/12)
 Temple: D:4-7

Annotations:
D:2 Sigmund


Innate Abilities, Weirdness & Mutations

You have an increased reservoir of magic. (+10% MP)


Message History

As you read the scroll labeled TAVUIQ JUIHA, it crumbles to dust.
You feel as if something is helping you.
It was a scroll of remove curse.
As you read the scroll labeled CUEXZE WONESH, it crumbles to dust.
You feel strangely unstable.
It was a scroll of teleportation.
Okay, then.
You climb upwards.
There is a stone staircase leading down here.
As you read the scroll labeled OFAIHU NAKHLOI, it crumbles to dust.
You feel aware of your surroundings.
It was a scroll of magic mapping.
Your surroundings suddenly seem different.
The killer bee buzzes angrily.
The killer bee stings you.
You are poisoned.
The killer bee poisons you!
You feel sick. You block the killer bee's attack.
The killer bee completely misses you.
You feel sick. The killer bee stings you.
You closely miss the killer bee. You block the killer bee's attack.
The killer bee stings you. The killer bee barely misses you.
You miss the killer bee. The killer bee stings you.
You are more poisoned.
The killer bee poisons you! You block the killer bee's attack.
You puncture the killer bee!
The killer bee is heavily wounded.
You feel sick. You block the killer bee's attack. x3
You closely miss the killer bee.
The killer bee is heavily wounded.
You feel sick. The killer bee stings you.
You are more poisoned.
The killer bee poisons you! You block the killer bee's attack.
You puncture the killer bee!
You kill the killer bee!
Your kill strengthens your divinity.
You feel sick.
You feel sick.
You feel sick.
You feel sick.
You feel sick.
You feel sick.
You feel sick.
You feel sick.
You feel sick.
You feel sick.
The killer bee buzzes angrily.
You feel sick.
The killer bee buzzes angrily.
The killer bee stings you but does no damage.
You feel sick. The killer bee stings you.
You are more poisoned.
The killer bee poisons you!
You feel sick. You block the killer bee's attack.
You feel sick.
The killer bee stings you but does no damage.
Really quaff
g - 3 potions of haste {@q4 !q}?
You feel yourself speed up.
You feel sick. You block the killer bee's attack. x2
You feel sick.
You feel sick.
You feel sick.
You feel sick.
The killer bee stings you but does no damage.
You feel sick.
You feel sick. The killer bee barely misses you.
You feel sick.
It was a potion of degeneration.
There was something very wrong with that liquid.
You feel weakened.
You feel dopey.
You feel clumsy.
The killer bee stings you but does no damage.
It was a potion of resistance.
You feel protected. The killer bee stings you.
* * * LOW HITPOINT WARNING * * *
The killer bee stings you.
* * * LOW HITPOINT WARNING * * *
You are lethally poisoned!
The killer bee poisons you!
It was a potion of cancellation.
Your magical effects are unravelling.
You feel magically purged.
You feel yourself slow down.
Your resistance to elements expires.
* * * LOW HITPOINT WARNING * * *
You feel sick.
The killer bee stings you but does no damage.
It was a potion of brilliance.
You feel clever all of a sudden.
* * * LOW HITPOINT WARNING * * *
You feel sick. You block the killer bee's attack.
The killer bee barely misses you.
It was a potion of invisibility.
You fade into invisibility!
* * * LOW HITPOINT WARNING * * *
You feel sick.
The killer bee stings you but does no damage.
You block the killer bee's attack.
You are very lightly contaminated with residual magic.
* * * LOW HITPOINT WARNING * * *
You feel sick. You block the killer bee's attack.
You die...
Your divinity fades.

########################
#..........@.yy.y......#
#.####################.# #.# #.#
#.# #.# #.# #y# #.# #.#
######.######*******#######y###
..............,,,,,,.......>..##
#####..#######*****##########y.#


You could see 3 killer bees.

Vanquished Creatures
  A bullfrog (D:3)
  2 killer bees (D:4)
  A wight (D:3)
  2 orc priests
  Jessica (D:2)
  An orc wizard (D:4)
  2 adders (D:3)
  2 worms (D:2)
  3 dart slugs
  2 leopard geckos
  11 orcs
  3 giant cockroaches
  2 goblins (D:3)
  3 hobgoblins
  7 jackals
  2 quokkas (D:3)
  4 bats
  2 frilled lizards
  A leopard gecko skeleton (D:4)
  4 rats
56 creatures vanquished.

Notes
Turn   | Place    | Note
-------+----------+-------------------------------------------
     0 | D:1      | MisterOstroum the Demigod Gladiator began the quest for the
                  | Orb.
     0 | D:1      | Reached XP level 1. HP: 17/17 MP: 3/3
     2 | D:1      | Noticed an electric eel
   190 | D:1      | Reached XP level 2. HP: 22/24 MP: 4/4
   513 | D:1      | Reached skill level 1 in Invocations
   942 | D:2      | Reached XP level 3. HP: 30/30 MP: 6/6
  1310 | D:2      | Noticed Jessica
  1311 | D:2      | Noticed Sigmund
  1314 | D:2      | Killed Jessica
  1392 | D:3      | Reached XP level 4. HP: 35/37 MP: 7/7
  1421 | D:3      | Reached * piety under Demigod
  1757 | D:3      | HP: 1/38 [orc/+0 short sword (1)]
  2131 | D:3      | Reached XP level 5. HP: 36/45 MP: 8/8
  2465 | D:4      | Reached XP level 6. HP: 36/52 MP: 9/9
  3115 | D:5      | Entered Level 5 of the Dungeon
  3162 | D:4      | HP: 1/52 [poisoned by a killer bee]
  3163 | D:4      | Succumbed to a killer bee's poison

Skill      XL: |  1  2  3  4  5  6 |
---------------+-------------------+-----
Fighting       | 2 3 4 |  4.1
Throwing       | 2 3 |  3.1
Invocations    | 1 |  1.4
Polearms       | 3 4 |  4.6
Dodging        | |  2.6

Action                   |  1- 3 |  4- 6 || total
-------------------------+-------+-------++-------
Melee: Trident           |    75 |   133 ||   208
Throw: Stone             |    24 |    11 ||    35
       Javelin           |     4 |     4 ||     8
       Throwing net      |     3 |       ||     3
       Tomahawk          |       |     7 ||     7
Invok: Temporal Distorti |       |     1 ||     1
  Use: Scroll            |     3 |     5 ||     8
       Potion            |       |     9 ||     9
 Stab: Sleeping          |     2 |       ||     2
  Eat: Chunk             |     2 |     5 ||     7
Armor: Leather armour    |     6 |       ||     6
       Ring mail         |     9 |       ||     9
       Chain mail        |     4 |    70 ||    74
Dodge: Dodged            |    12 |    22 ||    34
Block: Large shield      |    23 |    80 ||   103
